 Dungeon Sprint DCSS version 0.23-a0-396-g5214e5f (webtiles) character file.

8100000 beholder the Axe Maniac (level 27, -6/273 HPs)
             Began as a Centaur Monk on Nov 2, 2018.
             Was the Champion of Makhleb.
             Killed from afar by a wretched soul (107 damage)
             ... with a bolt of negative energy
             ... in the Dungeon (Sprint VIII: "Arena of Blood").
             The game lasted 00:06:19 (81 turns).

beholder the Axe Maniac (Centaur Monk)                Turns: 81, Time: 00:06:20

Health: -6/273     AC:  6    Str: 17    XL:     27
Magic:  30/54      EV: 32    Int:  9    God:    Makhleb [******]
Gold:   0          SH:  0    Dex: 22    Spells: 80/80 levels left

rFire    . . .     SeeInvis +   j - +∞ Axe of Woe
rCold    . . .     Gourm    .   (shield currently unavailable)
rNeg     . . .     Faith    .   b - +0 robe
rPois    .         Spirit   .   (no helmet)
rElec    .         Reflect  .   (no cloak)
rCorr    .         Harm     .   (no gloves)
MR       ++...     NoTele   +   (no barding)
Stlth    +++++++++.             (no amulet)
HPRegen  0.55/turn              k - ring of see invisible
MPRegen  0.34/turn              (no ring)

@: drained, very quick
A: large, hooves 3, deformed body, speed 2, tough skin 3
a: Minor Destruction, Lesser Servant of Makhleb, Major Destruction, Greater
Servant of Makhleb, Renounce Religion


You were in the Dungeon.
You worshipped Makhleb.
Makhleb was exalted by your worship.
You were not hungry.

You visited 1 branch

Inventory:

Hand Weapons
 a - a +0 hand axe
 j - the +∞ Axe of Woe (weapon)
   (You found it in the Dungeon)
Armour
 b - a +0 robe (worn)
Jewellery
 k - a ring of see invisible (left hand)
Scrolls
 i - a scroll of blinking
Potions
 d - a potion of curing
 e - a potion of heal wounds
 f - a potion of haste
 g - 2 potions of magic
 h - a potion of berserk rage
Comestibles
 c - a ration


   Skills:
 O Level 27(25.5) Fighting
 O Level 27(25.5) Axes
 O Level 27(25.5) Throwing
 O Level 27(25.5) Armour
 O Level 27(25.5) Dodging
 O Level 27(25.5) Stealth
 O Level 27(25.5) Unarmed Combat
 O Level 27(25.5) Spellcasting
 O Level 27(25.5) Invocations


You had 80 spell levels left.
You didn't know any spells.
Your spell library was empty.

Dungeon Overview and Level Annotations

Branches:
Dungeon (1/1)

Altars:
Makhleb


Innate Abilities, Weirdness & Mutations

You have hooves in place of feet.
Armour fits poorly on your strangely shaped body.
You cover ground very quickly.
You have extremely tough skin. (AC +3)


Message History

Unknown command.
A wretched soul comes into view.
You hear a shout! x5
A wretched soul comes into view.
You hear a shout! x13
A vampire knight and a phantom come into view.
The destroyer is wielding a +9 great sword of slicing.
You hear a shout! x2
The dread calls on the powers of darkness!
The large bag of meat convulses!
The meat berserker convulses!
The bag of meat convulses!
The large bag of meat convulses!
Your body is wracked with pain!
You take 98 damage, and have 100/273 hp.
MASSIVE DAMAGE!!
You hear a shout!
The wretched soul breathes negative energy at you.
The bolt of negative energy hits the wretched soul.
The wretched soul completely resists.
The bolt of negative energy hits you!
You feel drained.
You die...

####§)..o....)
####.)§.)......).
####...))z)).####...
#......)))o.#.......
#......O))...#......
#........W...#......
#......O###...#...z.
#...O2### .O...#....
#..@.#..............
#....WW..#....o.....
#W........# ......#
#.........V. ... #
#.........#. .###
#....#..... ....
#....##.... ....
#..... .... ....
....


You could see a meat beast, a destroyer, a sculptor of flesh, 2 large bags of
meat, 3 wretched souls, a dread, a meat berserker (berserk) and a bag of meat.

Vanquished Creatures
  A hell beast (D)
  A greater mummy (D)
  4 vampire knights (D)
  24 ogres (D)
  3 two-headed ogres (D)
  3 liches (D)
  52 orcs (D)
  2 skeletal warriors (D)
  8 small abominations (D)
  5 crawling corpses (D)
103 creatures vanquished.

Notes
Turn   | Place    | Note
-------+----------+-------------------------------------------
     0 | D        | Found the +∞ Axe of Woe
     0 | D        | beholder the Centaur Monk began the quest for the Orb.
     0 | D        | Reached XP level 1. HP: 19/19 MP: 1/1
     3 | D        | Became a worshipper of Makhleb the Destroyer
     3 | D        | Reached * piety under Makhleb
     3 | D        | Reached ** piety under Makhleb
     5 | D        | Noticed a bag of meat
     5 | D        | Noticed a bag of meat
     6 | D        | Noticed a bag of meat
     7 | D        | Noticed a meat berserker
     8 | D        | Killed a bag of meat
     8 | D        | Reached XP level 2. HP: 26/26 MP: 2/2
     8 | D        | Reached XP level 3. HP: 31/31 MP: 3/3
     8 | D        | Reached XP level 4. HP: 38/38 MP: 4/4
     8 | D        | Reached XP level 5. HP: 45/45 MP: 5/5
     8 | D        | Reached XP level 6. HP: 51/51 MP: 6/6
     8 | D        | Reached XP level 7. HP: 57/57 MP: 7/7
     8 | D        | Reached XP level 8. HP: 63/63 MP: 8/8
     8 | D        | Reached XP level 9. HP: 69/69 MP: 9/9
     8 | D        | Reached XP level 10. HP: 77/77 MP: 10/10
     8 | D        | Reached XP level 11. HP: 82/82 MP: 11/11
     8 | D        | Noticed a meat berserker
     9 | D        | Killed a bag of meat
     9 | D        | Reached XP level 12. HP: 115/115 MP: 12/12
     9 | D        | Noticed a meat berserker
    10 | D        | Noticed a meat berserker
    11 | D        | Killed a meat berserker
    11 | D        | Reached skill level 27 in Axes
    11 | D        | Reached XP level 13. HP: 134/134 MP: 13/13
    11 | D        | Reached XP level 14. HP: 141/141 MP: 14/14
    11 | D        | Killed a meat berserker
    11 | D        | Reached *** piety under Makhleb
    11 | D        | Reached skill level 15 in Dodging
    11 | D        | Reached XP level 15. HP: 160/160 MP: 15/15
    12 | D        | Noticed a meat berserker
    16 | D        | Noticed a meat berserker
    16 | D        | Noticed a meat berserker
    16 | D        | Noticed a meat berserker
    17 | D        | Noticed a large bag of meat
    17 | D        | Noticed a meat berserker
    19 | D        | Noticed a meat berserker
    19 | D        | Noticed a meat berserker
    21 | D        | Killed a meat berserker
    21 | D        | Reached **** piety under Makhleb
    21 | D        | Reached skill level 27 in Fighting
    21 | D        | Reached XP level 16. HP: 183/183 MP: 16/16
    21 | D        | Killed a meat berserker
    21 | D        | Reached XP level 17. HP: 191/191 MP: 17/17
    21 | D        | Reached ***** piety under Makhleb
    21 | D        | Reached skill level 27 in Dodging
    21 | D        | Reached skill level 5 in Stealth
    22 | D        | Killed a meat berserker
    22 | D        | Reached XP level 18. HP: 200/200 MP: 17/31
    22 | D        | Reached skill level 15 in Stealth
    23 | D        | Noticed a large bag of meat
    24 | D        | Killed a meat berserker
    24 | D        | Reached XP level 19. HP: 207/207 MP: 17/35
    24 | D        | Killed a meat berserker
    24 | D        | Reached skill level 27 in Invocations
    24 | D        | Killed a meat berserker
    24 | D        | Reached XP level 20. HP: 216/216 MP: 17/37
    24 | D        | Killed a meat berserker
    24 | D        | Reached ****** piety under Makhleb
    24 | D        | Reached skill level 27 in Stealth
    24 | D        | Noticed a meat berserker
    24 | D        | Noticed a meat berserker
    26 | D        | Noticed a large bag of meat
    28 | D        | Killed a meat berserker
    28 | D        | Killed a large bag of meat
    28 | D        | Reached XP level 21. HP: 224/224 MP: 18/38
    30 | D        | Reached skill level 27 in Armour
    31 | D        | Killed a large bag of meat
    31 | D        | Reached XP level 22. HP: 233/233 MP: 18/47
    32 | D        | Reached skill level 27 in Spellcasting
    32 | D        | Noticed a destroyer
    36 | D        | Reached skill level 15 in Unarmed Combat
    36 | D        | Reached XP level 23. HP: 240/240 MP: 19/54
    39 | D        | Reached skill level 27 in Throwing
    40 | D        | Noticed a destroyer
    42 | D        | Reached skill level 27 in Unarmed Combat
    43 | D        | Reached XP level 24. HP: 249/249 MP: 21/54
    43 | D        | Noticed a large bag of meat
    45 | D        | Noticed a destroyer
    45 | D        | Noticed a destroyer
    47 | D        | Killed a destroyer
    47 | D        | Killed a destroyer
    47 | D        | Reached XP level 25. HP: 257/257 MP: 22/54
    47 | D        | Noticed a tyrant
    50 | D        | Killed a tyrant
    52 | D        | Killed a destroyer
    57 | D        | Noticed a large bag of meat
    57 | D        | Noticed an accursed
    58 | D        | Noticed a tyrant
    61 | D        | Reached XP level 26. HP: 222/266 MP: 25/54
    62 | D        | Killed a tyrant
    62 | D        | Killed a destroyer
    62 | D        | Reached XP level 27. HP: 273/273 MP: 25/54
    63 | D        | Killed a large bag of meat
    64 | D        | Noticed a meat beast
    64 | D        | Noticed a tyrant
    66 | D        | Killed an accursed
    69 | D        | Killed a meat beast
    71 | D        | Noticed a dread
    73 | D        | Noticed a meat beast
    74 | D        | Killed a tyrant
    80 | D        | Noticed a destroyer
    81 | D        | Killed from afar by a wretched soul

Vault maps used:
D:        meatsprint

Skill      XL: |  1  2  3  4  5  6  7  8  9 10 11 12 13 14 15 16 17 18 19 20 21 22 23 |
---------------+----------------------------------------------------------------------+-----
Axes           | 24 25 27 | 27.0
Fighting       | 13 17 21 27 | 27.0
Dodging        | 11 15 20 24 27 | 27.0
Stealth        | 13 17 24 27 | 27.0
Invocations    | 18 24 27 | 27.0
Armour         | 22 27 | 27.0
Spellcasting   | 21 27 | 27.0
Throwing       | 16 27 | 27.0
Unarmed Combat | 15 27 | 27.0

Action                   |  1- 3 |  4- 6 |  7- 9 | 10-12 | 13-15 | 16-18 | 19-21 | 22-24 | 25-27 || total
-------------------------+-------+-------+-------+-------+-------+-------+-------+-------+-------++-------
Melee: Executioner's axe |     1 |       |       |     1 |     3 |     2 |     3 |     8 |    16 ||    34
Dodge: Dodged            |       |       |       |       |       |       |       |     1 |     2 ||     3

Table legend:
 A = Non-vault XP
 B = Vault XP
 C = Vault XP percentage of total XP
 D = Non-vault monster count
 E = Vault monster count
 F = Vault count percentage of total count
                 A         B        C        D         E       F
            +---------+---------+-------+---------+---------+-------
      Total | 1211969 | 1340254 |  52.5 |      39 |      59 |  60.2
            +---------+---------+-------+---------+---------+-------
          D | 1211969 | 1340254 |  52.5 |      39 |      59 |  60.2
            +---------+---------+-------+---------+---------+-------
